[Event "Team 45 45 League T56"]
[Site "Internet Chess Club"]
[Date "2013.02.24"]
[Round "1"]
[White "Innes"]
[Black "juniorVishy"]
[Result "1-0"]
[WhiteElo "1686"]
[BlackElo "1711"]
[Opening "QGD semi-Slav: Stoltz variation"]
[ECO "D45"]
[Time "13:04:54"]
[TimeControl "2700+45"]

1. d4 d5 2. c4 c6 3. Nc3 Nf6 4. e3 e6 5. Nf3 Nbd7 6. Qc2 Bd6 7. g4 h6 8. Rg1 Nh7
9. c5 Be7 10. Bd2 Ng5 11. Nxg5 Bxg5 12. O-O-O b6 13. f4 Be7 14. f5 bxc5 15. fxe6
fxe6 16. Qg6+ Kf8 17. Bd3 Bf6 18. Rdf1 Qe8 19. h4 Qxg6 20. Bxg6 cxd4 21. g5 dxc3
22. Bxc3 Ke7 23. gxf6+ Nxf6 24. Bd3 Kf7 25. h5 Bd7 26. Bg6+ Ke7 27. e4 Raf8 28.
e5 Ne8 29. Bb4+ Kd8 30. Rxf8 Rxf8 31. Bxf8 Nc7 32. Bxg7 c5 33. Bxh6 c4 34. Bg5+
Kc8 35. h6 Ne8 36. Bxe8 Bxe8 37. h7 {Black resigns} 1-0

[Event "Team 45 45 League T56"]
[Site "Internet Chess Club"]
[Date "2013.02.22"]
[Round "1"]
[White "koni"]
[Black "Greedy-Reedy"]
[Result "0-1"]
[WhiteElo "1875"]
[BlackElo "1960"]
[Opening "Réti opening"]
[ECO "A04"]
[Time "14:03:46"]
[TimeControl "2700+45"]

1. Nf3 g6 2. g3 Bg7 3. Bg2 Nf6 4. O-O c5 5. d3 O-O 6. e4 d6 7. Nbd2 Nc6 8. c3 e5
9. a3 h6 10. b4 a6 11. Bb2 Re8 12. Re1 cxb4 13. cxb4 d5 14. Nb3 d4 15. Rc1 Qd6
16. Nfd2 Be6 17. Nc5 b6 18. Nxa6 Rec8 19. b5 Na5 20. Rc2 Nd7 21. Qb1 Nc5 22.
Nxc5 Rxc5 23. a4 Nb7 24. Ba3 Rxc2 25. Bxd6 Rxd2 26. Bb4 Ra2 27. Rc1 R8xa4 28.
Bf1 Bf8 29. Bxf8 Kxf8 30. Kg2 Nc5 31. Rxc5 bxc5 32. Qc1 f6 33. Qxc5+ Kg7 34. Kf3
Rb2 35. Qe7+ Bf7 36. Bh3 Raa2 37. Kg2 Rxf2+ 38. Kg1 Rfb2 39. Bf1 Rxb5 40. Qd7
Rb1 41. h4 Raa1 {White resigns} 0-1

[Event "Team 45 45 League T56"]
[Site "Internet Chess Club"]
[Date "2013.02.24"]
[Round "1"]
[White "flyingpawns"]
[Black "cys456"]
[Result "1/2-1/2"]
[WhiteElo "1862"]
[BlackElo "1809"]
[Opening "Queen's Indian: Petrosian system"]
[ECO "E12"]
[Time "11:06:35"]
[TimeControl "2700+45"]

1. d4 Nf6 2. c4 e6 3. Nf3 b6 4. a3 Bb7 5. Nc3 d6 6. e3 Nbd7 7. Be2 Be7 8. b3 Ne4
9. Bb2 O-O 10. Qc2 f5 11. O-O Ndf6 12. Rad1 Nxc3 13. Bxc3 Ne4 14. Bb2 Bf6 15. b4
Qe7 16. d5 exd5 17. cxd5 Qf7 18. Bc4 g5 19. Bxf6 Qxf6 20. Nd4 Qg6 21. Ne6 Rf7
22. Bb3 Rc8 23. Rfe1 Nf6 24. Qd3 h5 25. f3 Nd7 26. f4 g4 27. e4 fxe4 28. Qxe4
Qxe4 29. Rxe4 Nf6 30. Red4 Re8 31. f5 Bc8 32. Rc1 Bxe6 33. dxe6 Rfe7 34. Ba4 Rc8
35. Bb5 d5 36. Bc6 Rd8 37. Rcd1 Rd6 38. Bxd5 c5 39. bxc5 bxc5 40. R4d3 Re8 41.
Bc4 Rxd3 42. Rxd3 Kf8 43. Bb5 Rb8 44. a4 Ke7 45. Rc3 Rc8 46. Bc4 Ne4 47. Rd3 Nf6
48. Kf2 Rb8 49. Rb3 Rxb3 50. Bxb3 Kd6 51. Ke3 Ke5 52. Bc4 Ne8 53. Bb5 Nd6 54.
Bd3 Ne8 {Game drawn by mutual agreement} 1/2-1/2

[Event "Team 45 45 League T56"]
[Site "Internet Chess Club"]
[Date "2013.02.22"]
[Round "1"]
[White "kabindra"]
[Black "Helaman"]
[Result "0-1"]
[WhiteElo "1843"]
[BlackElo "1799"]
[Opening "Sicilian: Najdorf variation"]
[ECO "B98"]
[Time "16:01:07"]
[TimeControl "2700+45"]

1. e4 c5 2. Nf3 d6 3. d4 cxd4 4. Nxd4 Nf6 5. Nc3 a6 6. Bg5 e6 7. f4 Be7 8. Qf3
Qc7 9. g4 Nbd7 10. Bg2 Rb8 11. O-O-O b5 12. Bxf6 Bxf6 13. g5 Be7 14. Rhf1 O-O
15. h4 Bb7 16. Qg3 Rfc8 17. Qf2 b4 18. Nce2 a5 19. Ng3 e5 20. Ndf5 Bf8 21. fxe5
Nxe5 22. Bh3 Bc6 23. Nd4 Bd7 24. Bxd7 Qxd7 25. Kb1 a4 26. h5 Rc7 27. Ngf5 Rbc8
28. Ne3 Ng4 29. Nxg4 Qxg4 30. g6 hxg6 31. hxg6 Qxg6 32. Qe2 Re8 33. Nf5 Qe6 34.
Rh1 b3 35. axb3 axb3 36. Nd4 bxc2+ 37. Nxc2 Ra8 38. Rd5 g6 39. Qh2 Bg7 40. Qe2
Rb7 41. Nd4 Bxd4 {White resigns} 0-1

[Event "Team 45 45 League T56"]
[Site "Internet Chess Club"]
[Date "2013.02.24"]
[Round "1"]
[White "misuc56"]
[Black "subterfuge"]
[Result "0-1"]
[WhiteElo "1730"]
[BlackElo "1747"]
[Opening "Nimzo-Indian defense"]
[ECO "E20"]
[Time "17:15:58"]
[TimeControl "2700+45"]

1. d4 Nf6 2. c4 e6 3. Nc3 Bb4 4. Bd2 O-O 5. e3 c5 6. Nf3 d5 7. Be2 cxd4 8. exd4
dxc4 9. Bxc4 a6 10. O-O b5 11. Be2 Bb7 12. Be3 Nbd7 13. Rc1 Rc8 14. a3 Bxc3 15.
bxc3 Qe7 16. Qb3 Bd5 17. Qb2 Rfd8 18. h3 Nb6 19. Nd2 Nc4 20. Nxc4 Bxc4 21. f3
Nd5 22. Bxc4 Nxe3 23. Bd3 Nxf1 24. Bxf1 Qg5 25. Kh1 Rxd4 26. c4 Rd2 27. Qc3 Rxc4
28. Qa1 Rxc1 29. Qxc1 h6 30. Qc8+ Kh7 31. Qc3 Qd5 32. Kh2 Qd6+ 33. Kh1 Rd1 34.
Qc2+ g6 35. Qe2 Qd2 36. Qxd2 Rxd2 37. a4 Rd1 {White resigns} 0-1

[Event "Team 45 45 League T56"]
[Site "Internet Chess Club"]
[Date "2013.02.26"]
[Round "1"]
[White "SlimeDog2"]
[Black "minke"]
[Result "1/2-1/2"]
[WhiteElo "2089"]
[BlackElo "1916"]
[Opening "Réti opening"]
[ECO "A04"]
[Time "02:12:56"]
[TimeControl "2700+45"]

1. Nf3 d6 2. d4 g6 3. c4 f5 4. b3 Bg7 5. Bb2 Nf6 6. Qc2 O-O 7. Nbd2 Qe8 8. g3 h6
9. Bg2 Nc6 10. O-O e5 11. dxe5 dxe5 12. e4 f4 13. gxf4 Nh5 14. Nxe5 Nxf4 15.
Nxc6 Bxb2 16. Qxb2 Qxc6 17. b4 Qe6 18. f3 Nxg2 19. Kxg2 Qh3+ 20. Kh1 Be6 21. Rg1
g5 22. Qe5 Rxf3 23. Rg2 Rd3 24. Rag1 Rxd2 25. Rxd2 Qf3+ 26. Rgg2 Bh3 27. Qd5+
Kh7 28. Kg1 Bxg2 29. Rf2 Qxe4 30. Qf7+ Kh8 31. Qf6+ Kh7 32. Qf7+ Kh8 {Game drawn
by mutual agreement} 1/2-1/2

[Event "Team 45 45 League T56"]
[Site "Internet Chess Club"]
[Date "2013.02.22"]
[Round "1"]
[White "Tamarin"]
[Black "cityprosecutor"]
[Result "0-1"]
[WhiteElo "1868"]
[BlackElo "1837"]
[Opening "Old Indian defense"]
[ECO "A42"]
[Time "22:29:08"]
[TimeControl "2700+45"]

1. d4 d6 2. c4 e5 3. dxe5 dxe5 4. Qxd8+ Kxd8 5. Nc3 c6 6. Bg5+ f6 7. O-O-O+ Kc7
8. Bh4 Be6 9. e3 Ne7 10. Nf3 Nf5 11. Bg3 Nxg3 12. hxg3 Bb4 13. Ne4 Nd7 14. a3
Be7 15. Be2 h6 16. Rd2 Rhd8 17. Rhd1 Bf5 18. Bd3 Nb6 19. c5 Na4 20. Nd6 Bxd3 21.
Rxd3 Nxc5 22. Nb5+ cxb5 23. Rc3 Rxd1+ 24. Kxd1 Rd8+ 25. Kc2 Kb6 26. b4 Ne4 27.
Rb3 Nxf2 28. Nd2 Rc8+ 29. Kb2 Nd1+ 30. Ka1 Rc3 31. Rxc3 Nxc3 32. Kb2 Nd1+ 33.
Kc2 Nxe3+ 34. Kd3 Nc4 35. Nxc4+ bxc4+ 36. Kxc4 e4 37. Kd4 f5 38. g4 Bf6+ 39. Ke3
g6 40. gxf5 gxf5 41. g4 fxg4 42. Kxe4 Bb2 43. Kf4 h5 44. Kg3 Bxa3 45. b5 Kxb5
46. Kh4 a5 {White resigns} 0-1

[Event "Team 45 45 League T56"]
[Site "Internet Chess Club"]
[Date "2013.02.23"]
[Round "1"]
[White "CKNIGHT3"]
[Black "az2112"]
[Result "1-0"]
[WhiteElo "1654"]
[BlackElo "1652"]
[Opening "Grünfeld: exchange, classical variation"]
[ECO "D86"]
[Time "12:01:12"]
[TimeControl "2700+45"]

1. d4 Nf6 2. c4 g6 3. Nc3 d5 4. cxd5 Nxd5 5. e4 Nxc3 6. bxc3 Bg7 7. Bc4 c5 8.
Ne2 Nc6 9. Bb2 cxd4 10. cxd4 Qa5+ 11. Bc3 Qg5 12. Ng3 Bg4 13. f3 Qe3+ 14. Ne2
Rd8 15. Bd2 Qa3 16. fxg4 Nxd4 17. Nxd4 Rxd4 18. Bb5+ Kf8 19. Qc2 Rd8 20. Qc7
Bxa1 21. Qxd8+ Kg7 22. Qd3 Qxa2 23. Bc4 Qb2 24. Ke2 Qe5 25. Rxa1 {Black resigns}
1-0

[Event "Team 45 45 League T56"]
[Site "Internet Chess Club"]
[Date "2013.02.24"]
[Round "1"]
[White "clarinetref"]
[Black "tightfist"]
[Result "1/2-1/2"]
[WhiteElo "1680"]
[BlackElo "1620"]
[Opening "French: exchange variation"]
[ECO "C01"]
[Time "22:00:38"]
[TimeControl "2700+45"]

1. e4 e6 2. d4 d5 3. exd5 exd5 4. Bd3 Be7 5. Be3 Nf6 6. h3 Nbd7 7. Nc3 O-O 8.
Qd2 Re8 9. O-O-O c6 10. g4 Bb4 11. f3 Qa5 12. Nge2 Nb6 13. Kb1 Na4 14. Bg5 Nxc3+
15. Nxc3 Bxc3 16. Qxc3 Qxc3 17. bxc3 Nd7 18. Rde1 Rxe1+ 19. Rxe1 f6 20. Bf4 Kf7
21. Bd6 Nb6 22. Bxh7 Be6 23. Bf5 Re8 24. Bd3 Nc8 25. Bg3 g5 26. f4 gxf4 27. Bxf4
Ne7 28. Rg1 Rh8 29. Bf1 Ng6 30. Be3 Nh4 31. Rg3 Rg8 32. Bf2 Ng6 33. a4 Rh8 34.
Ka2 Nf4 35. Be3 Ng6 36. Ka3 a5 37. Kb3 Rb8 38. Bd3 Nh4 39. Bf4 Rc8 40. Bd6 b6
41. Ba6 Rg8 42. Bc7 Ra8 43. Bd3 c5 44. c4 dxc4+ 45. Bxc4 cxd4 46. Bxe6+ Kxe6 47.
g5 Nf5 48. Rg4 fxg5 49. Rxg5 Kf6 50. Rg4 Rh8 51. h4 Rc8 52. Bf4 Rc3+ 53. Kb2 Rc4
54. Bg5+ Ke5 55. Kb3 Rb4+ 56. Ka3 Rc4 57. Rg2 Rc3+ 58. Kb2 Ne3 59. Bxe3 Rxe3 60.
Rh2 Kf6 61. h5 Kg7 62. h6+ Kh7 63. Rh4 d3 64. cxd3 Rxd3 65. Rh5 Rd6 66. Kb3 Rd4
67. Rb5 {Game drawn by mutual agreement} 1/2-1/2